 Dungeon Crawl Stone Soup version 0.29-a0-275-g389c0b56f3 (webtiles) character file.

Game seed: 12969989042501228014

51 tilp the Chiller (level 3, 16/16 HPs)
             Began as a Felid Ice Elementalist on Mar 10, 2022.
             Quit the game in an ossuary.
             The game lasted 00:04:12 (2854 turns).

tilp the Chiller (Felid Ice Elementalist)           Turns: 2854, Time: 00:04:13

Health: 16/16      AC:  1    Str:  4    XL:     3   Next: 57%
Magic:  8/8        EV: 18    Int: 18    God:
Gold:   241        SH:  0    Dex: 22    Spells: 0/7 levels left
                                        Lives:  0   Deaths: 1

rFire   . . .      SeeInvis +   (weapon unavailable)
rCold   . . .      Faith    .   (shield unavailable)
rNeg    . . .      Spirit   .   (body armour unavailable)
rPois   .          Reflect  .   (helmet unavailable)
rElec   .          Harm     .   (cloak unavailable)
rCorr   .          Rampage  .   (gloves unavailable)
Will    .....                   (boots unavailable)
Stlth   +++.......              (no amulet)
HPRegen 0.05/turn               l - +6 ring of dexterity
MPRegen 0.11/turn               (no ring)

@: quick
A: very small, claws 1, fangs 3, see invisible, speed 1, shaggy fur 1, stealthy
paws, no weapons or thrown items, no armour, multi-lived
a: no special abilities


You were in an ossuary.
You visited 1 branch of the dungeon, and saw 4 of its levels.
You also visited: Ossuary.

You collected 241 gold pieces.

Inventory:

Jewellery
 l - a +6 ring of dexterity (left paw)
Wands
 b - a wand of iceblast (9)
Scrolls
 h - 2 scrolls of vulnerability
 i - a scroll of fear
 j - a scroll of amnesia {unknown}
 k - a scroll of fog
Potions
 a - a potion of magic
 c - 2 potions of invisibility
 d - 2 potions of lignification
 e - 2 potions of attraction {unknown}
 f - a potion of heal wounds {unknown}
 g - a potion of degeneration {unknown}


   Skills:
 + Level 1.8 Fighting
 - Level 2.6 Dodging
 - Level 2.6 Stealth
 * Level 0.1 Unarmed Combat
 - Level 2.7 Spellcasting
 - Level 4.7 Ice Magic


You couldn't memorise any spells.
You knew the following spells:

 Your Spells              Type           Power      Damage    Failure   Level
a - Freeze                Ice            76%        1d9       2%          1
b - Frozen Ramparts       Ice            38%        1d5       8%          3
c - Ozocubu's Armour      Ice            19%        N/A       8%          3

Your spell library contained the following spells:

 Spells                   Type           Power      Damage    Failure   Level
 Hailstorm                Conj/Ice       10%        3d5       54%         4
 Fireball                 Conj/Fire      1%         3d3       99%         5
 Starburst                Conj/Fire      1%         6d3       100%        6
 Ozocubu's Refrigeration  Ice            9%         4d6       100%        7
 Ignition                 Fire           1%         3d3       100%        8


Dungeon Overview and Level Annotations

Branches:
Dungeon (4/15)            Ossuary (1/1)
 Temple: D:4-7

Altars:

Annotations:
D:1 fly vault


Innate Abilities, Weirdness & Mutations

You have sharp claws.
You have razor-sharp teeth.
You have supernaturally acute eyesight. (SInv)
You cover ground quickly. (Speed+)
You are covered in fur. (AC +1)
Your paws help you pounce on unaware monsters.
You are incapable of wielding weapons or throwing items.
You cannot wear armour.
You gain extra lives every three experience levels.


Message History

The water moccasin zombie bites you but does no damage.
The water moccasin zombie closely misses you.
You barely miss the water moccasin zombie.
The water moccasin zombie is heavily damaged.
The water moccasin zombie bites you.
You barely miss the water moccasin zombie.
The water moccasin zombie is heavily damaged.
The water moccasin zombie bites you but does no damage.
You scratch the water moccasin zombie.
The water moccasin zombie is severely damaged.
The water moccasin zombie bites you.
You scratch the water moccasin zombie but do no damage.
The water moccasin zombie is severely damaged.
The water moccasin zombie bites you but does no damage.
You scratch the water moccasin zombie.
The water moccasin zombie is severely damaged.
The water moccasin zombie bites you but does no damage.
The water moccasin zombie misses you.
You closely miss the water moccasin zombie.
The water moccasin zombie is severely damaged.
The water moccasin zombie completely misses you.
You scratch the water moccasin zombie.
Your bite misses the water moccasin zombie.
The water moccasin zombie is severely damaged.
The water moccasin zombie bites you.
* * * LOW HITPOINT WARNING * * *
Unknown command.
You scratch the water moccasin zombie.
The water moccasin zombie is severely damaged.
The water moccasin zombie bites you.
* * * LOW HITPOINT WARNING * * *
Unknown command.
You closely miss the water moccasin zombie.
The water moccasin zombie is severely damaged.
The water moccasin zombie bites you.
You die...
You are now level 3!
You rejoin the land of the living...
Unknown command.
Are you sure you want to abandon this character and quit the game? (Confirm with "yes".)

##+##
#...#
#...#
#@..#
#...#
##+##
# # #
# #


There were no monsters in sight!

Vanquished Creatures
  5 adders
  2 adder zombies (Ossuary)
  A dart slug (D:2)
  2 ball pythons (D:1)
  3 endoplasms
  4 giant cockroaches
  8 goblins
  5 hobgoblins
  7 kobolds
  5 bats
  6 frilled lizards
  A kobold zombie (Ossuary)
  7 rats
56 creatures vanquished.

Notes
Turn   | Place    | Note
-------+----------+-------------------------------------------
     0 | D:1      | tilp the Felid Ice Elementalist began the quest for the
                  | Orb.
     0 | D:1      | Reached XP level 1. HP: 7/7 MP: 4/4
   255 | D:1      | Reached XP level 2. HP: 12/12 MP: 4/6
   544 | D:1      | Reached skill level 4 in Ice Magic
   839 | D:2      | Reached skill level 1 in Fighting
   960 | D:2      | Found a faded altar of an unknown god.
   964 | D:2      | Reached XP level 3. HP: 15/15 MP: 4/7
   968 | D:2      | Learned a level 3 spell: Frozen Ramparts
  1712 | D:3      | Learned a level 3 spell: Ozocubu's Armour
  1787 | D:3      | Reached XP level 4. HP: 19/19 MP: 5/8
  2776 | D:4      | Found a sand-covered staircase.
  2781 | Ossuary  | Entered an ossuary
  2853 | Ossuary  | Slain by a water moccasin zombie
  2854 | Ossuary  | Reached XP level 3. HP: 0/16 MP: 8/8
  2854 | Ossuary  | Quit the game

Illustrated notes

Levels and vault maps discovered:
D:1:      onia_arrival_handbag, layout_rooms, corexii_item_surrounded_by_moat,
          amcnicky_mini_rare_corridor_liquid,
          nicolae_concentric_dashed_squares_mild
D:2:      layout_basic, dreamdust_ecumenical_altar_hidden_monk_grotto
D:3:      cheibrodos_greedy_goblins, layout_loops_cross, mrwooster_statue_mirror
D:4:      layout_rooms, enter_ossuary_2, serial_shops,
          nicolae_shop_behind_doors, minmay_misc_feat_rugged,
          minmay_diced_spiral, uniq_natasha
Ossuary:  ossuary_tomb_2

Skill      XL: |  1  2 |
---------------+-------+-----
Ice Magic      | 4 |  4.7
Fighting       | 1 |  1.8
Dodging        | |  2.6
Stealth        | |  2.6
Unarmed Combat | |  0.1
Spellcasting   | |  2.7

Action                   |  1- 3 |  4- 6 || total
-------------------------+-------+-------++-------
Melee: Unarmed           |    11 |    50 ||    61
       Bite              |     1 |     4 ||     5
       Punch             |       |     2 ||     2
 Cast: Freeze            |    30 |     8 ||    38
       Frozen Ramparts   |     2 |     4 ||     6
       Ozocubu's Armour  |       |     2 ||     2
  Use: Scroll            |     7 |     1 ||     8
 Stab: Sleeping          |     8 |     3 ||    11
Armor: Skin              |     1 |     6 ||     7
Dodge: Dodged            |    16 |    44 ||    60

Table legend: (Time is in decaauts)
 A = Elapsed time spent in this place.
 B = Non-inter-level travel time spent in this place.
 C = Inter-level travel time spent in this place.
 D = Time resting spent in this place.
 E = Time spent auto-exploring this place.
 F = Levels seen in this place.
 G = Mean time per level.
                   A        B        C        D        E       F      G
               +--------+--------+--------+--------+--------+-----+--------+
         Total |   2536 |   2452 |     84 |    444 |   1629 |   5 |  507.2 |
       Dungeon |   2465 |   2381 |     84 |    425 |   1629 |   4 |  616.2 |
       Ossuary |     70 |     70 |      0 |     19 |      0 |   1 |   70.0 |
               +--------+--------+--------+--------+--------+-----+--------+

Top non-repeatable levels by time:
     D:3: 922 daAuts
     D:2: 782 daAuts
     D:1: 742 daAuts
 Ossuary: 70 daAuts
     D:4: 18 daAuts
